 Dungeon Crawl Stone Soup version 0.26-a0-665-gefeb406119 (webtiles) character file.

Game seed: 1073294245206716907

162589 miscthings the Transmogrifier (level 16, -25/74 HPs)
             Began as a Felid Ice Elementalist on Oct 13, 2020.
             Was a High Priest of Sif Muna.
             Killed from afar by a deep elf annihilator (30 damage)
             ... with a bolt of lightning
             ... on level 3 of the Elven Halls.
             The game lasted 02:18:56 (41686 turns).

miscthings the Transmogrifier (FeIE)               Turns: 41686, Time: 02:18:57

Health: -25/74     AC:  3    Str:  4    XL:     16   Next: 62%
Magic:  20/32      EV: 30    Int: 22    God:    Sif Muna [*****.]
Gold:   1134       SH:  0    Dex: 18    Spells: 3/38 levels left
                                        Lives:  0   Deaths: 4

rFire    + . .     SeeInvis +     - Unarmed
rCold    + + .     Faith    .   (shield unavailable)
rNeg     + . .     Spirit   .   (armour unavailable)
rPois    .         Reflect  .   (helmet unavailable)
rElec    .         Harm     .   (cloak unavailable)
rCorr    .         Rampage  .   (gloves unavailable)
MR       +++++     Clarity  +   (boots unavailable)
Stlth    ++++......             V - amulet of the Four Winds {rN+ MR+++ Clar}
HPRegen  0.22/turn              s - ring of protection from fire
MPRegen  0.23/turn              O - ring of protection from cold

@: no potions, quick
A: very small, no armour, no weapons or thrown items, stealth, antennae 1, claws
1, fangs 3, see invisible, speed 1, shaggy fur 3, sharp paws
}: 2/15 runes: barnacled, gossamer
a: Channel Magic, Forget Spell, Divine Exegesis, Renounce Religion


You were on level 3 of the Elven Halls.
You worshipped Sif Muna.
Sif Muna was extremely pleased with you.
You visited 7 branches of the dungeon, and saw 35 of its levels.
You visited 1 bazaar.
You also visited: Sewer, Ossuary, Bailey and Ice Cave.

You collected 4248 gold pieces.
You spent 3114 gold pieces at shops.

Inventory:

Jewellery
 c - an uncursed ring of poison resistance
 f - an uncursed ring of magical power
 s - a ring of protection from fire (left paw)
 D - an uncursed ring of ice
 O - a ring of protection from cold (right paw)
 Q - an uncursed amulet of regeneration
 U - the amulet "Giarum" {Reflect Dex+2 SH+5}
   (You acquired it on level 3 of the Shoals)

   [amulet of reflection]

   It shields you and reflects attacks.
   It affects your dexterity (+2).
   It affects your SH (+5).
 V - the amulet of the Four Winds (around neck) {rN+ MR+++ Clar}
   (You bought it in a shop in a bazaar)

   [amulet of nothing]

   It protects you from negative energy.
   It affects your resistance to hostile enchantments.
   It protects you against confusion.
Wands
 d - a wand of flame (6)
 q - a wand of disintegration (15)
 r - a wand of polymorph (21)
 w - a wand of acid (7)
 A - a wand of digging (3)
 F - a wand of iceblast (6)
 K - a wand of enslavement (23)
 S - a wand of paralysis (10)
Scrolls
 h - 9 scrolls of teleportation
 k - 5 scrolls of magic mapping
 l - 11 scrolls of remove curse
 n - 6 scrolls of fear
 o - a scroll of fog
 u - 2 scrolls of holy word
 B - a scroll of amnesia
 G - a scroll of vulnerability
 N - 8 scrolls of identify {@r1}
 R - a scroll of immolation
Potions
 a - 4 potions of heal wounds
 e - 3 potions of curing
 g - 4 potions of brilliance
 i - 4 potions of mutation
 j - 7 potions of stabbing
 m - 11 potions of lignification
 p - a potion of invisibility
 t - 8 potions of might
 v - 3 potions of berserk rage
 x - 4 potions of haste
 z - 4 potions of cancellation
 L - 2 potions of flight
 M - a potion of resistance
 T - a potion of ambrosia
 W - a potion of magic
Miscellaneous
 b - a tin of tremorstones (3/3)
 E - a phantom mirror
 H - a box of beasts (3/3)
 I - a lightning rod (4/4)
 J - a condenser vane (2/2)
 P - a phial of floods


   Skills:
 - Level 10.7 Fighting
 - Level 13.7 Dodging
 - Level 8.0 Stealth
 - Level 4.1 Unarmed Combat
 - Level 11.8 Spellcasting
 - Level 6.0 Hexes
 - Level 6.0 Summonings
 + Level 8.4 Necromancy
 - Level 14.0 Transmutations
 - Level 14.0 Ice Magic
 - Level 10.0 Earth Magic
 - Level 10.6 Invocations
 - Level 11.6 Evocations


You had 3 spell levels left.
You knew the following spells:

 Your Spells              Type           Power        Failure   Level
a - Frozen Ramparts       Ice            ######       1%          3
b - Tukima's Dance        Hex            #####...     1%          3
c - Summon Ice Beast      Ice/Summ       ######..     1%          4
d - Summon Mana Viper     Hex/Summ       #####...     12%         5
e - Statue Form           Tmut/Erth      ######...    5%          6
f - Ozocubu's Armour      Ice            ######..     1%          3
g - Borgnjor's Vile Clut  Necr/Erth      ######....   3%          5
z - Ozocubu's Refrigerat  Ice            ######....   2%          6

Your spell library contained the following spells:

 Spells                   Type           Power        Failure   Level
 Beastly Appendage        Tmut           ######       0%          1
 Freeze                   Ice            ####         0%          1
 Animate Skeleton         Necr           ######       1%          1
 Corona                   Hex            #####..      1%          1
 Pain                     Necr           ####         1%          1
 Sting                    Tmut/Pois      ####         1%          1
 Summon Small Mammal      Summ           ####         1%          1
 Call Imp                 Summ           #####...     1%          2
 Ensorcelled Hibernation  Hex/Ice        ######       1%          2
 Passwall                 Tmut/Erth      ######..     1%          2
 Slow                     Hex            #####...     1%          2
 Sublimation of Blood     Necr           ######....   1%          2
 Wereblood                Tmut           ######..     1%          2
 Call Canine Familiar     Summ           #####...     1%          3
 Confusing Touch          Hex            #####...     1%          3
 Spider Form              Tmut/Pois      #####.....   1%          3
 Stone Arrow              Conj/Erth      #####.       1%          3
 Summon Guardian Golem    Hex/Summ       #####...     1%          3
 Vampiric Draining        Necr           ######....   1%          3
 Ignite Poison            Fire/Tmut/Pois ####....     2%          3
 Apportation              Tloc           ##....       4%          1
 Magic Dart               Conj           ##..         4%          1
 Dazzling Flash           Conj/Hex       ####..       4%          3
 Inner Flame              Hex/Fire       ####....     4%          3
 Conjure Flame            Conj/Fire      ##......     16%         3
 Gell's Gravitas          Tloc           ##........   16%         3
 Lesser Beckoning         Tloc           ##........   16%         3
 Teleport Other           Tloc           ##......     16%         3
 Animate Dead             Necr           ######....   1%          4
 Dispel Undead            Necr           ######..     1%          4
 Ice Form                 Ice/Tmut       ######..     1%          4
 Leda's Liquefaction      Hex/Erth       #####.....   1%          4
 Blade Hands              Tmut           ######....   1%          5
 Hailstorm                Conj/Ice       #####...     2%          4
 Lee's Rapid Deconstruct  Erth           ######....   2%          5
 Metabolic Englaciation   Hex/Ice        ######....   2%          5
 Yara's Violent Unravell  Hex/Tmut       ######....   2%          5
 Hydra Form               Tmut           ######....   2%          6
 Cause Fear               Hex            #####.....   4%          4
 Agony                    Necr           ######..     4%          5
 Alistair's Intoxication  Tmut/Pois      #####....    8%          5
 Irradiate                Conj/Tmut      #####.....   8%          5
 Simulacrum               Ice/Necr       ######....   8%          6
 Summon Demon             Summ           #####.....   12%         5
 Fulminant Prism          Conj/Hex       ####......   14%         4
 Summon Lightning Spire   Summ/Air       ####....     14%         4
 Dragon Form              Tmut           ######....   14%         7
 Bolt of Magma            Conj/Fire/Erth ####......   34%         5
 Silence                  Hex/Air        ####......   38%         5
 Summon Forest            Summ/Tloc      ####......   38%         5
 Iskenderun's Mystic Bla  Conj/Tloc      ##......     45%         4
 Olgreb's Toxic Radiance  Pois           ##......     45%         4
 Sticky Flame             Conj/Fire      ##......     45%         4
 Invisibility             Hex            #####...     54%         6
 Shadow Creatures         Summ           N/A          54%         6
 Iron Shot                Conj/Erth      #####.....   69%         6
 Freezing Cloud           Conj/Ice/Air   ####......   75%         6
 Fireball                 Conj/Fire      ##........   80%         5
 Lightning Bolt           Conj/Air       ##........   80%         5
 Haunt                    Necr/Summ      #####.....   91%         7
 Summon Hydra             Summ           #####.....   98%         7
 Conjure Ball Lightning   Conj/Air       ##........   100%        6
 Starburst                Conj/Fire      ##........   100%        6
 Malign Gateway           Summ/Tloc      ####......   100%        7
 Borgnjor's Revivificati  Necr           ######....   100%        8
 Discord                  Hex            #####.....   100%        8
 Ignition                 Fire           ##........   100%        8
 Summon Horrible Things   Summ           #####.....   100%        8
 Absolute Zero            Ice            ######....   100%        9
 Death's Door             Necr           ######....   100%        9
 Fire Storm               Conj/Fire      ##........   100%        9
 Shatter                  Erth           ######....   100%        9
 Tornado                  Air            ##........   100%        9
 Portal Projectile        Hex/Tloc       Unusable     N/A         3

Dungeon Overview and Level Annotations

Branches:
Dungeon (15/15)            Temple (1/1) D:7            Lair (6/6) D:9
 Shoals (4/4) Lair:2       Spider (4/4) Lair:4        Slime (0/5) Lair:6
    Orc (2/2) D:10            Elf (3/3) Orc:2        Vaults (0/5) D:13
 Depths (0/5) D:15          Sewer (visited)         Ossuary (visited)
 Bailey (visited)           IceCv (visited)

Altars:
Cheibriados
Dithmenos
Gozag
Hepliaklqana
Kikubaaqudgha
Makhleb
Nemelex Xobeh
Okawaru
Qazlal
Ru
Sif Muna
Trog
Uskayaw
Wu Jian
Xom
Yredelemnul
The Shining One
Beogh
Jiyva

Shops:
D:12 !   D:13 }   Orc:2 :((}   Elf:1 (

Annotations:
Lair:3 1 runed translucent door, Feulaj's ghost, journeyman MiBe
Shoals:1 Amuaxidi's ghost, adept FoCK
Elf:2 2 runed translucent doors


Innate Abilities, Weirdness & Mutations

You cannot wear armour.
You are incapable of wielding weapons or throwing items.
Your paws allow you to move quietly. (Stealth)
You have sharp claws.
You have razor-sharp teeth.
You have supernaturally acute eyesight. (SInv)
You cover ground quickly.
Your thick and shaggy fur keeps you warm. (AC +3, rC+)
Your sharp claws are effective at attacking unaware monsters.
You have a pair of small antennae on your head.


Message History

Confirm with . or Enter, or press ? or * to list all spells.
Okay, then.
Casting: Ozocubu's Refrigeration (dangerous; 2% risk of failure)
Confirm with . or Enter, or press ? or * to list all spells.
The heat is drained from your surroundings.
You resist.
You feel very cold. The monsters around you are frozen!
The deep elf demonologist is almost dead.
The deep elf death mage is heavily wounded.
The deep elf death mage is severely wounded.
The deep elf annihilator is severely wounded.
The deep elf death mage is heavily wounded.
The deep elf annihilator is almost dead.
The deep elf high priest is almost dead.
A deep elf annihilator comes into view.
It is wielding a +1 long sword of holy wrath.
The deep elf high priest invokes the aid of its god against you.
Something smites you!
* * * LOW HITPOINT WARNING * * *
The deep elf annihilator points at you and mumbles some strange words.
The bolt of lightning misses you. The bolt of lightning hits you!!
You die... .ee

e..
######.######
##...≈≈.≈≈...#.
..e..≈≈.≈≈e....
#...≈≈.≈≈e..#
#..e≈≈.≈≈.e.#
#@# #.# #.# #.#
#.# #.# ##.##
##...##
#######..#..#


You could see 3 deep elf annihilators, 3 deep elf death magi, a deep elf
demonologist and a deep elf high priest.

Vanquished Creatures
  Mara (Spider:3)
  Nikola (Spider:2)
  Rupert (Lair:5)
  Gastronok (Lair:1)
  Kirke (Spider:3)
  The ghost of jasper the Executioner, an adept MiFi of Okawaru (Shoals:1)
  The ghost of Woutahasch the Severer, a journeyman HOFi of Okawaru (Shoals:1)
  A frost giant (IceCv)
  A ghost moth (Spider:4)
  2 orc warlords (Elf:2)
  2 deep elf sorcerers (Elf:2)
  4 emperor scorpions (Spider:4)
  3 entropy weavers
  Azrael (Spider:3)
  2 deep elf annihilators
  3 spark wasps (Spider:4)
  5 merfolk javelineers
  A fire dragon (D:15)
  5 deep elf death magi (Elf:1)
  Josephine (Orc:1)
  3 merfolk impalers
  A deep elf high priest (Elf:2)
  The ghost of qdestroyer the Spear-Bearer, a journeyman MiFi of Qazlal (Shoals:1)
  Erolcha (Orc:2)
  A boulder beetle (D:15)
  5 hydras
  A merfolk aquamancer (Shoals:4)
  A catoblepas (D:15)
  An ogre mage (D:15)
  3 satyrs
  2 merfolk avatars
  12 dancing weapons
  4 centaur warriors
  7 two-headed ogres
  4 death yaks (IceCv)
  A tengu warrior (D:15)
  A vampire mage (D:15)
  8 death scarabs (Spider:4)
  4 orc high priests (Orc:2)
  Nergalle (Orc:1)
  11 deep elf knights
  A small abomination (Elf:1)
  A titan skeleton (D:15)
  2 unseen horrors
  8 sea snakes
  2 glowing orange brains
  10 deep elf archers
  5 orc knights
  3 wolf spider zombies
  3 fauns (Shoals:3)
  8 harpies
  A spectral wolf spider (Spider:4)
  10 orb spiders
  41 deep elf magi
  An oklob plant (Lair:5)
  14 manticores
  9 ugly things
  2 orc sorcerers
  A necromancer (D:15)
  A salamander (shapeshifter) (Elf:2)
  3 cyclopes
  A moth of wrath (Spider:4)
  4 elephants
  23 wolf spiders
  Maurice (Orc:1)
  2 centaur zombies (D:15)
  3 merfolk sirens (Shoals:4)
  7 black mambas
  3 water nymphs
  15 cane toads
  4 torpor snails
  4 centaur skeletons (D:15)
  A rime drake (Lair:6)
  2 spectral redbacks (Spider:4)
  A kobold demonologist (D:15)
  2 redback zombies (Spider:4)
  A guardian mummy (D:15)
  5 demonic crawlers
  An efreet (D:13)
  7 komodo dragons
  A queen bee (D:9)
  29 jumping spiders
  16 merfolk
  7 trolls
  2 spectral jumping spiders (Spider:4)
  2 tengu conjurers (D:15)
  2 hornets (Spider:4)
  2 wind drakes
  11 blink frogs
  2 tyrant leeches (Lair:6)
  A dream sheep (Lair:2)
  11 polar bears (IceCv)
  6 spectral tarantellas (Spider:4)
  3 slime creatures (D:13)
  2 jumping spider zombies (Spider:4)
  A meliai zombie (D:14)
  8 snapping turtles (Shoals:4)
  A centaur simulacrum (D:13)
  2 shadows
  55 redbacks
  7 wyverns
  6 wraiths
  21 tarantellas
  3 water elementals
  4 fire elementals
  30 yaks
  5 neqoxecs (D:14)
  2 basilisks
  6 hogs (Spider:3)
  Grum (D:8)
  5 vampire mosquitoes
  3 wargs
  A soldier ant (D:12)
  9 water moccasins
  3 hell hounds (Spider:3)
  2 sky beasts
  29 orc warriors
  2 ice beasts (Lair:5)
  A black bear (D:13)
  An eye of draining (D:15)
  A phantom (D:9)
  14 ogres
  6 centaurs
  28 wolves
  21 bullfrogs
  4 big kobolds
  A gnoll sergeant (D:11)
  7 scorpions
  25 killer bees
  10 wights
  A nameless horror (D:8)
  4 electric eels
  4 quasits (D:14)
  2 jellies
  31 orc priests
  34 orc wizards
  A bullfrog zombie (D:13)
  3 hounds
  A gnoll shaman (D:7)
  Terence (D:3)
  3 iguanas
  Natasha (thrice) (D:2)
  9 worker ants
  5 gnolls
  8 adders
  A river rat (Sewer)
  3 ufetubi
  3 oozes
  An adder zombie (Ossuary)
  7 worms
  2 leopard geckos
  89 orcs
  10 ball pythons
  12 giant cockroaches
  6 goblins
  3 hobgoblins (D:3)
  9 jackals
  28 kobolds
  3 quokkas
  8 bats
  10 frilled lizards
  A hobgoblin zombie (Ossuary)
  8 rats
  15 bushes
  3 crawling corpses
1078 creatures vanquished.

Vanquished Creatures (collateral kills)
  Arachne (Spider:2)
  Agnes (Spider:4)
  Roxanne (Spider:2)
  The ghost of HilariousDeathArtist the Nimble, a journeyman TeDe of Trog (D:14)
  Snorg (Orc:2)
  2 merfolk impalers (Shoals:4)
  Fannar (D:10)
  6 hydras
  2 merfolk avatars
  2 dancing weapons
  A catoblepas (Lair:6)
  An alligator snapping turtle (Shoals:4)
  2 two-headed ogres
  2 deep elf knights (Elf:1)
  A sea snake (Shoals:4)
  A skeletal warrior (D:15)
  A deep troll (D:13)
  A tengu zombie (D:15)
  A kraken simulacrum (Shoals:4)
  A spectral wolf spider (Spider:4)
  2 ugly things
  A moth of wrath (Spider:4)
  A salamander (D:12)
  3 wolf spiders
  2 slime creatures (D:13)
  A sphinx skeleton (D:15)
  2 deep elf magi (Elf:1)
  8 elephants
  A merfolk siren (Shoals:4)
  A water nymph (Shoals:4)
  A water nymph (shapeshifter) (D:15)
  A gargoyle (D:10)
  17 cane toads
  A spectral redback (Spider:4)
  3 rime drakes
  A redback zombie (Spider:4)
  6 komodo dragons
  3 demonic crawlers
  3 tyrant leeches (Lair:6)
  A harpy zombie (D:15)
  4 jumping spiders
  2 polar bears (IceCv)
  3 trolls
  A spectral tarantella (Spider:4)
  A wind drake (Shoals:4)
  Grinder (D:3)
  A spectral jumping spider (Spider:4)
  A hornet (Spider:4)
  5 merfolk
  2 dream sheep (Shoals:1)
  17 blink frogs
  3 snapping turtles (Shoals:4)
  A redback (Spider:4)
  4 tarantellas (Spider:4)
  18 yaks
  A wyvern (Lair:5)
  A fire elemental (Elf:2)
  A wraith (D:14)
  A human (shapeshifter) (D:13)
  2 basilisks
  An ettin skeleton (D:15)
  4 vampire mosquitoes
  A warg (Orc:1)
  A soldier ant (D:13)
  7 water moccasins
  2 orc warriors (Orc:2)
  A hornet zombie (D:9)
  9 ice beasts
  A phantom (D:14)
  A black bear (Lair:5)
  2 ogres
  10 wolves
  3 centaurs
  8 bullfrogs
  An earth elemental (Elf:2)
  2 water moccasin zombies (Ossuary)
  2 water moccasin skeletons
  A wyvern skeleton (D:7)
  A scorpion (D:13)
  A killer bee (D:9)
  6 wights
  A bullfrog zombie (D:8)
  2 centaur zombies
  2 hounds
  2 orc priests
  2 jellies
  3 bullfrog skeletons
  3 centaur skeletons
  An iguana (D:10)
  2 worker ants
  2 big kobold zombies (Ossuary)
  3 mummies
  A gnoll (D:11)
  An adder (D:4)
  2 shadow imps
  A white imp (D:10)
  6 adder zombies
  A leopard gecko (D:3)
  6 orcs (Orc:2)
  2 gnoll zombies (Ossuary)
  4 jackals
  5 hobgoblin zombies (Ossuary)
  3 kobold zombies (Ossuary)
  5 orc zombies (Ossuary)
  A quokka skeleton (D:6)
285 creatures vanquished.

Vanquished Creatures (others)
  A meliai zombie (D:14)
  2 yaks (IceCv)
  2 wolves (IceCv)
  37 fungi
  236 plants
  8 tentacles (Shoals:4)
  19 withered plants
305 creatures vanquished.

Grand Total: 1668 creatures vanquished

Notes
Turn   | Place    | Note
-------+----------+-------------------------------------------
     0 | D:1      | miscthings the Felid Ice Elementalist began the quest for
                  | the Orb.
     0 | D:1      | Reached XP level 1. HP: 7/7 MP: 4/4
   452 | D:1      | Reached XP level 2. HP: 11/11 MP: 3/6
  1098 | D:2      | Reached XP level 3. HP: 13/14 MP: 5/7
  1109 | D:2      | Learned a level 3 spell: Frozen Ramparts
  1198 | D:2      | Noticed Natasha
  1204 | D:2      | Killed Natasha
  1204 | D:2      | Reached skill level 5 in Ice Magic
  1340 | D:2      | Noticed Natasha
  1346 | D:2      | Killed Natasha
  1346 | D:2      | Reached XP level 4. HP: 18/18 MP: 4/8
  1668 | D:2      | Noticed Natasha
  1675 | D:2      | Killed Natasha
  1699 | D:3      | Noticed an ogre
  1711 | D:3      | Reached XP level 5. HP: 5/21 MP: 2/9
  1840 | D:3      | Found a glowing golden altar of the Shining One.
  2105 | D:3      | Noticed Grinder
  2145 | D:3      | Noticed Terence
  2156 | D:3      | Killed Terence
  2174 | D:3      | Killed an ogre
  2174 | D:3      | Gained mutation: You are covered in thick fur. (AC +2)
                  | [Felid growth]
  2174 | D:3      | Reached XP level 6. HP: 18/24 MP: 5/10
  2183 | D:3      | Learned a level 4 spell: Summon Ice Beast
  2324 | D:4      | Reached skill level 1 in Summonings
  2340 | D:4      | Found a stormy altar of Qazlal.
  2370 | D:4      | Found a sand-covered staircase.
  2447 | Ossuary  | Entered an ossuary
  2613 | Ossuary  | Slain by a water moccasin zombie
  2614 | Ossuary  | Reached XP level 5. HP: -2/21 MP: 8/18
  2755 | Ossuary  | Reached XP level 6. HP: 24/24 MP: 10/10
  3575 | D:5      | Entered Level 5 of the Dungeon
  4229 | D:5      | Found a glowing drain.
  4240 | Sewer    | Entered a sewer
  4250 | Sewer    | Reached XP level 7. HP: 27/27 MP: 11/11
  5630 | D:7      | Reached skill level 5 in Summonings
  5631 | D:7      | Reached XP level 8. HP: 30/31 MP: 12/12
  5956 | D:7      | Found a staircase to the Ecumenical Temple.
  5963 | Temple   | Entered the Ecumenical Temple
  5980 | Temple   | Became a worshipper of Sif Muna the Loreminder
  6063 | D:7      | Found a snail-covered altar of Cheibriados.
  6576 | D:3      | Learned a level 3 spell: Ozocubu's Armour
  6694 | D:3      | Killed Grinder
  7009 | D:8      | Reached skill level 1 in Fighting
  7009 | D:8      | Reached skill level 1 in Invocations
  7009 | D:8      | Reached skill level 1 in Evocations
  7088 | D:8      | Reached skill level 10 in Ice Magic
  7114 | D:8      | Reached XP level 9. HP: 35/35 MP: 13/13
  7209 | D:8      | Reached * piety under Sif Muna
  7545 | D:8      | Noticed Grum
  7558 | D:8      | Killed Grum
  8252 | D:8      | Noticed a two-headed ogre
  8276 | D:8      | Killed a two-headed ogre
  8276 | D:8      | Reached skill level 5 in Dodging
  8276 | D:8      | Reached skill level 5 in Stealth
  8370 | D:8      | Reached XP level 10. HP: 41/42 MP: 16/16
  8637 | D:9      | Reached ** piety under Sif Muna
  9310 | D:9      | Found a staircase to the Lair.
  9660 | D:10     | Entered Level 10 of the Dungeon
  9679 | D:10     | Gained mutation: You have a pair of small antennae on your
                  | head. [potion of mutation]
  9824 | D:10     | Noticed Fannar
  9853 | Lair:1   | Entered Level 1 of the Lair of Beasts
  9853 | Lair:1   | Noticed a cane toad
  9868 | Lair:1   | Killed a cane toad
 10003 | Lair:1   | Noticed a cane toad
 10013 | Lair:1   | Killed a cane toad
 10013 | Lair:1   | Reached skill level 5 in Evocations
 10036 | Lair:1   | Noticed a cane toad
 10053 | Lair:1   | Killed a cane toad
 10352 | Lair:1   | Reached XP level 11. HP: 42/46 MP: 8/19
 10356 | Lair:1   | Reached *** piety under Sif Muna
 10427 | Lair:1   | Noticed Gastronok
 10848 | Lair:1   | Killed Gastronok
 10848 | Lair:1   | Reached skill level 5 in Fighting
 10848 | Lair:1   | Reached skill level 5 in Spellcasting
 10848 | Lair:1   | Reached skill level 5 in Invocations
 11982 | Lair:2   | Found a staircase to the Shoals.
 12525 | Lair:3   | Gained mutation: Your thick and shaggy fur keeps you warm.
                  | (AC +3, rC+) [Felid growth]
 12525 | Lair:3   | Reached XP level 12. HP: 52/52 MP: 14/22
 12663 | Lair:3   | Noticed a four-headed hydra
 12685 | Lair:3   | Killed a four-headed hydra
 12792 | Lair:3   | Found a runed translucent door.
 12819 | Lair:3   | Reached **** piety under Sif Muna
 12840 | Lair:3   | Found a shimmering altar of Xom.
 12840 | Lair:3   | Noticed Feulaj's ghost (journeyman MiBe)
 13229 | Lair:4   | Found a hole to the Spider Nest.
 13250 | Lair:4   | Noticed a four-headed hydra
 13266 | Lair:4   | Killed a four-headed hydra
 13328 | Lair:4   | Noticed a six-headed hydra
 13338 | Lair:4   | Killed a six-headed hydra
 13380 | Lair:4   | Noticed a four-headed hydra
 13395 | Lair:4   | Killed a four-headed hydra
 13615 | Lair:4   | Noticed a four-headed hydra
 13626 | Lair:4   | Killed a four-headed hydra
 14155 | Lair:5   | Noticed Rupert
 14239 | Lair:5   | Reached skill level 10 in Dodging
 14412 | Lair:5   | HP: 1/54 [elephant (14)]
 14417 | Lair:5   | Reached ***** piety under Sif Muna
 14429 | Lair:5   | Found a frozen archway.
 14429 | Lair:5   | Identified Lideg's Handbook of Frigorific Ignition (Sif
                  | Muna gifted it to you on level 5 of the Lair of Beasts)
 14429 | Lair:5   | Received a gift from Sif Muna
 14583 | IceCv    | Entered an ice cave
 14599 | IceCv    | Learned a level 4 spell: Ice Form
 14607 | IceCv    | Reached XP level 13. HP: 53/57 MP: 14/25
 14723 | IceCv    | Identified the Collected Works on Excruciating Enchantment
 15421 | IceCv    | Noticed a frost giant
 15470 | IceCv    | Killed a frost giant
 15999 | IceCv    | Found the cursed necklace of Bloodlust {*Rage +Rage MR++
                  | Int-3 Slay+6 *Curse}
 16097 | Lair:5   | Learned a level 6 spell: Ozocubu's Refrigeration
 16479 | Lair:5   | Killed Rupert
 17367 | Lair:6   | Entered Level 6 of the Lair of Beasts
 17726 | Lair:6   | Identified Sif Muna's Guide on Hurtful Transformation (Sif
                  | Muna gifted it to you on level 6 of the Lair of Beasts)
 17726 | Lair:6   | Received a gift from Sif Muna
 18211 | Lair:6   | Reached XP level 14. HP: 59/63 MP: 20/27
 18650 | Lair:6   | Found a viscous altar of Jiyva.
 18650 | Lair:6   | Found a staircase to the Slime Pits.
 19050 | D:10     | Killed Fannar
 19157 | D:10     | Learned a level 3 spell: Tukima's Dance
 19194 | D:10     | Found a roughly hewn altar of Beogh.
 19196 | D:10     | Found a staircase to the Orcish Mines.
 19197 | D:10     | Identified Sif Muna's Handbook of the Frostbite and Combat
                  | Magic (Sif Muna gifted it to you on level 10 of the
                  | Dungeon)
 19197 | D:10     | Received a gift from Sif Muna
 19214 | D:10     | Learned a level 4 spell: Summon Lightning Spire
 19795 | D:11     | Reached skill level 1 in Hexes
 20480 | Orc:1    | Entered Level 1 of the Orcish Mines
 20480 | Orc:1    | Noticed Maurice
 20483 | Orc:1    | Killed Maurice
 20663 | Orc:2    | Entered Level 2 of the Orcish Mines
 20663 | Orc:2    | Noticed Snorg
 20676 | Orc:2    | Killed Snorg
 20676 | Orc:2    | Reached skill level 10 in Evocations
 20937 | Orc:1    | Noticed Nergalle
 20943 | Orc:1    | Killed Nergalle
 21122 | Orc:1    | Identified Sif Muna's Compendium of the Candlemaker (Sif
                  | Muna gifted it to you on level 1 of the Orcish Mines)
 21122 | Orc:1    | Received a gift from Sif Muna
 21262 | Orc:1    | Noticed Josephine
 21266 | Orc:1    | Killed Josephine
 21592 | Orc:2    | Found a staircase to the Elven Halls.
 21787 | Orc:2    | Found a roughly hewn altar of Beogh.
 21949 | Orc:2    | Noticed Erolcha
 21952 | Orc:2    | Killed Erolcha
 22261 | Orc:2    | Identified Sif Muna's Incunabulum of Mutagenic Evil (Sif
                  | Muna gifted it to you on level 2 of the Orcish Mines)
 22261 | Orc:2    | Received a gift from Sif Muna
 22283 | Orc:1    | Learned a level 6 spell: Statue Form
 22283 | Orc:1    | Identified a scroll of acquirement
 22284 | Orc:1    | Acquired 824 gold pieces
 22353 | Orc:2    | Reached skill level 1 in Transmutations
 22400 | Orc:2    | Found Neppexzi's Weapon Shop.
 22400 | Orc:2    | Found Todau's Book Boutique.
 22400 | Orc:2    | Found Myigip's Weapon Boutique.
 22402 | Orc:2    | Reached skill level 1 in Earth Magic
 22408 | Orc:2    | Found Izaner's Gadget Shop.
 22417 | Orc:2    | Bought a wand of disintegration (10) for 210 gold pieces
 22417 | Orc:2    | Bought a wand of iceblast (9) for 195 gold pieces
 22417 | Orc:2    | Bought a wand of acid (12) for 480 gold pieces
 22417 | Orc:2    | Bought a phantom mirror for 450 gold pieces
 22417 | Orc:2    | Bought a lightning rod (4/4) for 600 gold pieces
 22417 | Orc:2    | Bought a condenser vane (2/2) for 300 gold pieces
 22722 | D:12     | Found a basalt altar of Yredelemnul.
 23068 | D:12     | Found Igala's Distillery.
 23076 | D:12     | Bought a potion of flight for 42 gold pieces
 23076 | D:12     | Bought a potion of resistance for 140 gold pieces
 23076 | D:12     | Bought a potion of curing for 42 gold pieces
 24203 | D:13     | Found Gotaigyd's Gadget Emporium.
 24249 | D:13     | Reached XP level 15. HP: 58/68 MP: 4/29
 24747 | D:13     | Reached skill level 5 in Transmutations
 25206 | D:13     | Found the +3 robe of Clouds {+Thunder rCloud rElec}
 25212 | D:13     | Identified Jaycwuont's Catalogue of Mutagenic Creation (Sif
                  | Muna gifted it to you on level 13 of the Dungeon)
 25212 | D:13     | Received a gift from Sif Muna
 25301 | D:13     | Reached skill level 5 in Earth Magic
 25478 | D:13     | Found a gate to the Vaults.
 25696 | D:14     | Found a transporter.
 25700 | D:14     | Noticed HilariousDeathArtist's ghost (journeyman TeDe)
 25713 | D:14     | Found a transporter.
 25975 | D:14     | Found a flagged portal.
 26032 | Bailey   | Entered a bailey
 27410 | D:14     | Killed HilariousDeathArtist's ghost
 27416 | D:14     | Identified the Incunabulum of Earthen Translocation
 27458 | D:15     | Entered Level 15 of the Dungeon
 27820 | D:15     | Identified Wuikuej's Guide on Enchantment and Attacks (Sif
                  | Muna gifted it to you on level 15 of the Dungeon)
 27820 | D:15     | Received a gift from Sif Muna
 28328 | Spider:1 | Entered Level 1 of the Spider Nest
 29352 | Spider:2 | Noticed Nikola
 29374 | Spider:2 | Killed Nikola
 29577 | Spider:2 | Noticed Arachne
 29591 | Spider:2 | Demolished by Arachne
 29592 | Spider:2 | Reached XP level 14. HP: -15/64 MP: 27/28
 29598 | Spider:2 | Reached skill level 10 in Transmutations
 29682 | Spider:2 | Noticed Roxanne
 29713 | Spider:2 | Killed Roxanne
 29866 | Spider:2 | Killed Arachne
 29866 | Spider:2 | Reached XP level 15. HP: 68/68 MP: 14/29
 30044 | Spider:3 | Noticed Kirke
 30216 | Spider:3 | Noticed Azrael
 30219 | Spider:3 | Killed Azrael
 30219 | Spider:3 | Identified Sif Muna's Catalogue of the Shifting Voyage (Sif
                  | Muna gifted it to you on level 3 of the Spider Nest)
 30219 | Spider:3 | Received a gift from Sif Muna
 30220 | Spider:3 | Reached skill level 10 in Spellcasting
 30711 | Spider:3 | Noticed Mara
 30714 | Spider:3 | Noticed miscthings's illusion
 30715 | Spider:3 | Killed Kirke
 30975 | Spider:3 | Killed Mara
 31286 | Spider:4 | Entered Level 4 of the Spider Nest
 31288 | Spider:4 | Noticed Agnes
 31296 | Spider:4 | Killed Agnes
 31607 | Spider:4 | Identified Sif Muna's Tome of Evil and Summoning (Sif Muna
                  | gifted it to you on level 4 of the Spider Nest)
 31607 | Spider:4 | Received a gift from Sif Muna
 31809 | Spider:4 | Learned a level 5 spell: Summon Mana Viper
 32004 | Spider:4 | Reached XP level 16. HP: 59/72 MP: 10/32
 32288 | Spider:4 | Reached skill level 10 in Earth Magic
 32834 | Spider:4 | Got a gossamer rune of Zot
 33207 | D:15     | Received a gift from Sif Muna
 33752 | D:15     | Found a staircase to the Depths.
 34237 | Shoals:1 | Entered Level 1 of the Shoals
 34237 | Shoals:1 | Found a runed translucent gate.
 34237 | Shoals:1 | Found a runed translucent gate.
 34237 | Shoals:1 | Found a runed translucent gate.
 34237 | Shoals:1 | Noticed jasper's ghost (adept MiFi)
 34237 | Shoals:1 | Noticed qdestroyer's ghost (journeyman MiFi)
 34237 | Shoals:1 | Noticed Amuaxidi's ghost (adept FoCK)
 34237 | Shoals:1 | Noticed Woutahasch's ghost (journeyman HOFi)
 34278 | Shoals:1 | Reached skill level 1 in Unarmed Combat
 34561 | Shoals:3 | Reached skill level 10 in Fighting
 34630 | Shoals:3 | Found a flickering gateway to a bazaar.
 34644 | Bazaar   | Entered a bazaar
 34657 | Bazaar   | Found Qycka's Assorted Antiques.
 34657 | Bazaar   | Found Qiczut's Jewellery Emporium.
 34663 | Bazaar   | Bought a scroll of magic mapping for 129 gold pieces
 34693 | Bazaar   | Found Kocuoguf's Book Shoppe.
 34693 | Bazaar   | Found Fepheyck's Antique Weapon Shoppe.
 34732 | Bazaar   | Bought the amulet of the Four Winds {rN+ MR+++ Clar} for
                  | 526 gold pieces
 34732 | Bazaar   | Found the amulet of the Four Winds {rN+ MR+++ Clar}
 34759 | Shoals:3 | Acquired the amulet "Giarum" {Reflect Dex+2 SH+5}
 34791 | Shoals:3 | Reached XP level 17. HP: 76/76 MP: 14/33
 34920 | Shoals:3 | Reached skill level 10 in Invocations
 35216 | Shoals:4 | Entered Level 4 of the Shoals
 35254 | Shoals:4 | Identified Sif Muna's Reference Book on Dusty Calling (Sif
                  | Muna gifted it to you on level 4 of the Shoals)
 35254 | Shoals:4 | Received a gift from Sif Muna
 35779 | Shoals:4 | Reached skill level 5 in Hexes
 36236 | Shoals:4 | Found a stormy altar of Qazlal.
 36527 | Shoals:4 | Found an iron altar of Okawaru.
 36808 | Shoals:4 | Got a barnacled rune of Zot
 36989 | Shoals:1 | Killed qdestroyer's ghost
 36990 | Shoals:1 | Killed jasper's ghost
 36992 | Shoals:1 | Killed Woutahasch's ghost
 37055 | Shoals:1 | Slain by a merfolk
 37056 | Shoals:1 | Reached XP level 16. HP: -2/73 MP: 4/32
 37238 | Elf:1    | Entered Level 1 of the Elven Halls
 37782 | Elf:1    | Identified Sif Muna's Spellcraft, Part Four (Sif Muna
                  | gifted it to you on level 1 of the Elven Halls)
 37782 | Elf:1    | Received a gift from Sif Muna
 37793 | Elf:1    | HP: 3/73 [ghostly deep elf death mage/+0 long sword (11)]
 38955 | Elf:1    | You fall into a shaft and drop 1 floor!
 38967 | Elf:2    | Mangled by a +1 scimitar of electrocution
 38968 | Elf:2    | Reached XP level 15. HP: -12/70 MP: 18/31
 39039 | Elf:2    | Learned a level 5 spell: Borgnjor's Vile Clutch
 39072 | Elf:2    | Reached skill level 1 in Necromancy
 39073 | Elf:2    | Reached XP level 16. HP: 38/74 MP: 15/32
 39804 | Elf:1    | Reached skill level 5 in Necromancy
 39831 | Elf:1    | Found Jicoteh's Antique Weapon Shop.
 41542 | Elf:2    | Found a runed translucent door.
 41567 | Elf:2    | Found a runed translucent door.
 41615 | Elf:3    | Entered Level 3 of the Elven Halls
 41686 | Elf:3    | Killed from afar by a deep elf annihilator

Illustrated notes

Levels and vault maps discovered:
D:1:      minmay_arrival_open_corners, layout_basic
D:2:      layout_loops_ring, fountainhead, uniq_natasha
D:3:      layout_loops_ring, lemuel_crystal_altar, minmay_misc_feat_room,
          uniq_terence, uniq_grinder
D:4:      layout_basic, gup_ossuary_entry_pyramid,
          nicolae_qazlal_general_emergency
D:5:      layout_basic, portal_sewer_entry_e
D:6:      layout_rooms
D:7:      layout_rooms, minmay_temple_entry_mini_moons, cheibriados_altar_1
D:8:      layout_layer_cave, uniq_grum
D:9:      layout_rooms, lair_entry_dummy, minmay_misc_feat_five, minivault_7
D:10:     layout_cave_pools, david_orc_5, uniq_fannar
D:11:     layout_loops_corners
D:12:     layout_stronghold, serial_shops, shop, basic_altar
D:13:     minmay_the_grid_triangle_9x9_recursive_2
          [minmay_the_grid_triangle_9x9_prize_top_heavy,
          minmay_the_grid_triangle_9x9_semitri,
          minmay_the_grid_triangle_9x9_alien,
          minmay_the_grid_triangle_9x9_skeleton], layout_cave_pools,
          erik_vaults_1, serial_shops, shop, serial_bayou_ford_a,
          chequers_garden, grunt_ministairs_6, lemuel_flamethrower_3
D:14:     layout_loops_ring, serial_bayou_pond_d, enter_bailey_3,
          gammafunk_ghost_stat_death
D:15:     gammafunk_depths_entry_grave, layout_basic, chequers_hall_statues_y
Temple:   grunt_wide_crystal_templ
Lair:1:   layout_chaotic_city, serial_bayou_shore_a, uniq_gastronok
Lair:2:   layout_loops_ring, minmay_shoals_entry_beasts, serial_bayou_shore_b,
          serial_bayou_shore_b, grunt_megastairs_1
Lair:3:   layout_regular_city, ebering_ghost_xom
Lair:4:   layout_loops_ring, dummy_spider_entry, st_stairs_5
Lair:5:   layout_cave_pods, portal_ice_cave_entry_ice_beasts, wad_woods_road_06,
          st_stairs_4, minmay_lair_oklob_bushes, infiniplex_staircase_pool_2,
          uniq_rupert
Lair:6:   minmay_lair_end_frog_pond, layout_hall_layers,
          dpeg_slime_entry_enclosed_altar
Shoals:1: layout_shoals, gammafunk_ghost_cemetery
Shoals:2: layout_shoals, uniq_donald, uniq_polyphemus, uniq_frances
Shoals:3: cheibrodos_shoals_satyrical_garden, layout_shoals, serial_shops,
          bzr_entry_customers, nicolae_shoals_square_sea_wall
Shoals:4: shoals_end_grunt_ice, layout_shoals, hangedman_feature_mirror
Spider:1: layout_chambers
Spider:2: layout_spider_delve, uniq_nikola, uniq_roxanne, uniq_arachne
Spider:3: layout_spider_delve, uniq_azrael, uniq_mara, uniq_kirke
Spider:4: floodkiller_spider_rune_tomb, uniq_agnes
Orc:1:    layout_diamond_mine, uniq_nergalle, uniq_maurice, uniq_josephine
Orc:2:    st_orc_mages, layout_diamond_mine, minmay_orc_temple_a, uniq_erolcha,
          uniq_snorg
Elf:1:    elf_arrival_001, layout_geoelf_grid, serial_shops, nicolae_shop_stone,
          minmay_elf_crystal_heptagon
Elf:2:    layout_geoelf_grid, sword_in_stone, uniq_saint_roka, uniq_louise
Elf:3:    elf_hall_gauntlet_narrow, layout_rooms, serial_shops,
          nicolae_shop_trees, shop, nicolae_shop_temple_entry_statues_fountains

Skill      XL: |  1  2  3  4  5  6  7  8  9 10 11 12 13 14 15 16 17 |
---------------+----------------------------------------------------+-----
Ice Magic      | 4 5 6 7 8 10 11 12 13 14 | 14.0
Summonings     | 2 3 5 6 |  6.0
Stealth        | 3 5 7 8 |  8.0
Dodging        | 3 5 6 8 10 11 12 13 | 13.7
Fighting       | 1 3 4 6 7 8 9 10 | 10.7
Invocations    | 1 3 4 6 7 8 9 10 | 10.6
Evocations     | 1 3 5 6 8 9 10 11 | 11.6
Spellcasting   | 3 4 6 7 8 9 11 | 11.8
Hexes          | 4 6 |  6.0
Transmutations | 10 12 14 | 14.0
Earth Magic    | 3 9 10 | 10.0
Unarmed Combat | 4 3 |  4.1
Necromancy     | 1 8 |  8.4

Action                   |  1- 3 |  4- 6 |  7- 9 | 10-12 | 13-15 | 16-18 || total
-------------------------+-------+-------+-------+-------+-------+-------++-------
Melee: Unarmed           |    41 |    57 |    43 |    39 |    90 |   327 ||   597
       Bite              |     1 |     3 |     3 |     2 |     6 |    41 ||    56
       Punch             |       |       |       |       |       |     2 ||     2
 Cast: Freeze            |    26 |     4 |     4 |    12 |     8 |       ||    54
       Frozen Ramparts   |     3 |    27 |    42 |    72 |   125 |    63 ||   332
       Summon Ice Beast  |       |    16 |    21 |    66 |   211 |    69 ||   383
       Ozocubu's Armour  |       |       |     2 |    15 |    14 |       ||    31
       Ozocubu's Refrige |       |       |       |       |   145 |   117 ||   262
       Ice Form          |       |       |       |       |     7 |       ||     7
       Tukima's Dance    |       |       |       |       |     3 |     4 ||     7
       Summon Lightning  |       |       |       |       |     9 |       ||     9
       Statue Form       |       |       |       |       |     3 |    32 ||    35
       Borgnjor's Vile C |       |       |       |       |       |    21 ||    21
       Summon Mana Viper |       |       |       |       |       |    11 ||    11
Invok: Channel Magic     |       |       |       |       |     4 |     4 ||     8
 Abil: End Transformatio |       |       |       |       |     2 |     1 ||     3
Evoke: Wand              |       |       |     1 |    26 |   155 |    62 ||   244
       Box of beasts     |       |       |       |     1 |     7 |     5 ||    13
       Phial of floods   |       |       |       |       |     3 |     1 ||     4
       Lightning rod     |       |       |       |       |     4 |     4 ||     8
       Condenser vane    |       |       |       |       |     1 |     1 ||     2
  Use: Scroll            |     1 |     6 |     5 |     8 |    18 |     8 ||    46
       Potion            |       |     2 |     1 |     6 |     7 |     5 ||    21
 Stab: Sleeping          |    11 |     3 |     3 |     1 |     2 |     1 ||    21
       Distracted        |       |       |       |     1 |       |     6 ||     7
       Paralysed         |       |       |       |       |     1 |       ||     1
Armor: Skin              |     2 |     3 |     9 |    22 |    44 |   244 ||   324
Dodge: Dodged            |    41 |    90 |   147 |   229 |   671 |   989 ||  2167
Block: Other             |       |       |       |       |       |    37 ||    37
       Reflection        |       |       |       |       |       |     6 ||     6

Table legend: (Time is in decaauts)
 A = Elapsed time spent in this place.
 B = Non-inter-level travel time spent in this place.
 C = Inter-level travel time spent in this place.
 D = Time resting spent in this place.
 E = Time spent auto-exploring this place.
 F = Levels seen in this place.
 G = Mean time per level.
                   A        B        C        D        E       F      G
               +--------+--------+--------+--------+--------+-----+--------+
         Total |  38424 |  36405 |   2019 |  13540 |  12102 |  40 |  960.6 |
       Dungeon |  14493 |  13324 |   1169 |   3436 |   5979 |  15 |  966.2 |
        Temple |     22 |     15 |      7 |      0 |      0 |   1 |   22.0 |
          Lair |   6956 |   6551 |    405 |   2090 |   2623 |   6 | 1159.3 |
        Shoals |   3140 |   3097 |     43 |   1405 |    289 |   4 |  785.0 |
   Spider Nest |   4489 |   4284 |    205 |   1610 |   1384 |   4 | 1122.2 |
  Orcish Mines |   2040 |   1948 |     92 |    912 |    531 |   2 | 1020.0 |
   Elven Halls |   4113 |   4017 |     96 |   2645 |    646 |   3 | 1371.0 |
        Bazaar |     91 |     91 |      0 |      0 |     63 |   1 |   91.0 |
         Sewer |    346 |    346 |      0 |      0 |    183 |   1 |  346.0 |
       Ossuary |    828 |    828 |      0 |    493 |     40 |   1 |  828.0 |
        Bailey |    442 |    442 |      0 |    167 |    131 |   1 |  442.0 |
      Ice Cave |   1459 |   1459 |      0 |    779 |    228 |   1 | 1459.0 |
               +--------+--------+--------+--------+--------+-----+--------+

Top non-repeatable levels by time:
   Elf:1: 2444 daAuts
   Elf:2: 1607 daAuts
Shoals:4: 1597 daAuts
  Lair:5: 1552 daAuts
    D:13: 1526 daAuts
Spider:4: 1491 daAuts
   IceCv: 1459 daAuts
  Lair:1: 1439 daAuts
     D:8: 1419 daAuts
    D:14: 1416 daAuts
    D:15: 1394 daAuts
  Lair:6: 1389 daAuts
   Orc:2: 1296 daAuts
Spider:2: 1266 daAuts
    D:12: 1228 daAuts
